 Dungeon Crawl Stone Soup version 0.27-a0-1312-g5cdb2b3542 (webtiles) character file.

Game seed: 7280019546719140730

2219 Conn the Sneak (level 9, -10/54 HPs)
             Began as an Octopode Fire Elementalist on June 19, 2021.
             Was an Initiate of Sif Muna.
             Killed by an exploding wyvern zombie (51 damage)
             ... ignited by their inner flame
             ... on level 6 of the Dungeon.
             The game lasted 00:20:09 (9176 turns).

Conn the Sneak (Octopode Fire Elementalist)         Turns: 9176, Time: 00:20:09

Health: -10/54     AC:  1    Str:  9    XL:     9   Next: 35%
Magic:  6/16       EV: 16    Int: 19    God:    Sif Muna [......]
Gold:   341        SH:  0    Dex: 28    Spells: 4/17 levels left

rFire    . . .     SeeInvis .   p - +10 dagger of Exchange {drain, rN+ Dex+4}
rCold    . . .     Faith    .   (no shield)
rNeg     + . .     Spirit   .   (helmet restricted)
rPois    .         Reflect  .   (no amulet)
rElec    .         Harm     .   b - ring of flight
rCorr    .         Rampage  .   i - +6 ring of dexterity
Will     .....                  y - +6 ring of dexterity
Stlth    +++++.....             (no ring)
HPRegen  0.18/turn              (no ring)
MPRegen  0.15/turn              (no ring)
                                (no ring)
                                (no ring)

@: flying
A: almost no armour, amphibious, 8 rings, camouflage 1, gelatinous body 1,
(nimble swimmer 1), tentacles
a: Renounce Religion


You were on level 6 of the Dungeon.
You worshipped Sif Muna.
Sif Muna was noncommittal.
You visited 2 branches of the dungeon, and saw 7 of its levels.
You also visited: Ossuary.

You collected 341 gold pieces.

Inventory:

Hand Weapons
 a - a +0 dagger
 d - a +0 short sword
 l - a +6 club
 p - the +10 dagger of Exchange (weapon) {drain, rN+ Dex+4}
   (You found it on level 3 of the Dungeon)

   A truly terrible weapon, it drains the life of those it strikes.
   It affects your dexterity (+4).
   It protects you from negative energy.
Missiles
 k - 5 poisoned darts (quivered)
 o - 4 javelins
Armour
 f - a +0 kite shield
Jewellery
 b - a ring of flight (left tentacle)
 i - a +6 ring of dexterity (right tentacle)
 y - a +6 ring of dexterity (on tentacle)
 B - a +4 ring of evasion
Wands
 C - a wand of charming (7)
Scrolls
 h - a scroll of fear
 j - 3 scrolls of fog
 n - a scroll of enchant armour {unknown}
 q - 2 scrolls of brand weapon {unknown}
 r - 10 scrolls of identify
 s - 2 scrolls of teleportation
 t - a scroll of holy word {unknown}
 v - a scroll of blinking {unknown}
 x - a scroll of noise {unknown}
 z - a scroll of summoning {unknown}
Potions
 c - a potion of might
 e - a potion of cancellation
 g - a potion of magic
 m - a potion of flight
 u - a potion of heal wounds {unknown}
 w - a potion of mutation {unknown}
 A - a potion of resistance {unknown}
 D - a potion of curing {unknown}
 E - a potion of brilliance {unknown}


   Skills:
 + Level 1.7 Fighting
 + Level 3.5 Short Blades
 + Level 1.0 Maces & Flails
 + Level 3.4 Dodging
 + Level 7.4 Stealth
 + Level 4.7 Spellcasting
 + Level 5.1 Conjurations
 * Level 3.7 Translocations
 + Level 6.0 Fire Magic
 + Level 1.0 Evocations


You had 4 spell levels left.
You knew the following spells:

 Your Spells              Type           Power      Damage    Failure   Level
a - Foxfire               Conj/Fire      100%       2x1d9     1%          1
b - Conjure Flame         Conj/Fire      25%        6-21      4%          3
c - Inner Flame           Hex/Fire       15%        N/A       11%         3
d - Blink                 Tloc           N/A        N/A       4%          2
e - Sticky Flame          Conj/Fire      25%        2d5       13%         4

Your spell library contained the following spells:

 Spells                   Type           Power      Damage    Failure   Level
 Magic Dart               Conj           92%        1d7       1%          1
 Sting                    Tmut/Pois      16%        1d3       13%         1
 Ignite Poison            Fire/Tmut/Pois 12%        N/A       17%         3
 Call Imp                 Summ           4%         N/A       19%         2
 Poisonous Vapours        Pois/Air       8%         N/A       19%         2
 Slow                     Hex            4%         N/A       19%         2
 Mephitic Cloud           Conj/Pois/Air  10%        N/A       19%         3
 Olgreb's Toxic Radiance  Pois           4%         N/A       77%         4
 Fireball                 Conj/Fire      12%        3d7       36%         5


Dungeon Overview and Level Annotations

Branches:
Dungeon (6/15)             Temple (1/1) D:5         Ossuary (visited)

Altars:
Dithmenos
Elyvilon
Fedhas
Gozag
Hepliaklqana
Kikubaaqudgha
Makhleb
Nemelex Xobeh
Okawaru
Qazlal
Ru
Sif Muna
Vehumet
Wu Jian
Xom
Yredelemnul
Zin
The Shining One

Shops:
D:1 !   D:3 [


Innate Abilities, Weirdness & Mutations

You cannot wear most types of armour.
You are amphibious.
You can wear up to eight rings at the same time.
Your skin changes colour to match your surroundings (Stealth+).
Your rubbery body absorbs attacks. (AC +1, EV +1)
((You are camouflaged near water. (Stealth+)))
You have tentacles for arms and can constrict up to eight enemies at once.


Message History

Your killer bee zombie explodes!
The fiery explosion engulfs the jelly!!!
You kill the jelly!
Sif Muna accepts your kill.
You hear a croak.
You hear a shout! x2; You hear an angry hiss.
Your Evocations skill increases to level 1!
Unknown command.
You start resting.
A wyvern zombie comes into view.
A wyvern zombie is nearby!
Casting: Blink (safe; 4% risk of failure)
Confirm with . or Enter, or press ? or * to list all spells.
You conjure some foxfire!
The foxfire hits the wyvern zombie.
The wyvern zombie is lightly damaged.
The foxfire hits the wyvern zombie!
The wyvern zombie is moderately damaged.
Casting: Foxfire (safe; 1% risk of failure)
Confirm with . or Enter, or press ? or * to list all spells.
You conjure some foxfire!
The foxfire hits the wyvern zombie.
The wyvern zombie is heavily damaged.
The foxfire hits the wyvern zombie!
The wyvern zombie is severely damaged.
Casting: Foxfire (safe; 1% risk of failure)
Confirm with . or Enter, or press ? or * to list all spells.
Aiming: Inner Flame (dangerous; 11% risk of failure)
Press: ? - help, Shift-Dir - straight line, f - wyvern zombie
Aim: a wyvern zombie (severely damaged, chance to affect: 80%)
The wyvern zombie is filled with an inner flame.
The wyvern zombie misses you.
Unknown command.
You hit the wyvern zombie.
Flame seeps out of the wyvern zombie. x2
You squeeze the wyvern zombie.
The wyvern zombie is severely damaged.
The wyvern zombie is engulfed in blazing flames.
Sif Muna accepts your kill.
The wyvern zombie explodes!
The fiery explosion engulfs you!!!
Ouch! That really hurt!
You die...

............# #.........#
#......############'######
########......###.......#######
...####...###............
###..###≈..###..........
#......##....##.........
#..####).#...≈.#÷........
##§§##≈...#.#####..
##○@#...≈#.# #§8#.≈≈.#.#
#..#≈...#.# #...≈...#.#
#.8#.≈≈.#.# ##..#...≈#..
##..##≈...#.. #..##..≈.## ##
#......## ...##


There were no monsters in sight!

Vanquished Creatures
  A wraith (D:6)
  A steam dragon (D:6)
  2 ice beasts
  2 necrophages
  3 ogres
  2 wyvern zombies (D:6)
  4 scorpions
  A wyvern skeleton (D:6)
  A water moccasin zombie (D:6)
  4 water moccasin skeletons
  2 centaur zombies (Ossuary)
  2 hounds
  An orc priest (D:6)
  2 jellies (D:6)
  A centaur skeleton (D:5)
  2 orc wizards (D:4)
  3 iguanas
  A killer bee zombie (D:6)
  3 hound skeletons
  5 mummies (Ossuary)
  Robin (D:2)
  A howler monkey zombie (D:6)
  3 gnolls
  A howler monkey skeleton (D:3)
  11 adders
  2 adder zombies (D:3)
  3 adder skeletons
  2 worms
  A dart slug (D:1)
  5 orcs
  6 endoplasms
  3 giant cockroaches
  12 goblins
  7 hobgoblins
  18 jackals
  7 kobolds
  4 ball pythons
  5 bats (D:2)
  A frilled lizard (D:3)
  3 hobgoblin zombies (Ossuary)
  A quokka zombie (D:3)
  4 rats
144 creatures vanquished.

Vanquished Creatures (others)
  402 foxfires
402 creatures vanquished.

Grand Total: 546 creatures vanquished

Notes
Turn   | Place    | Note
-------+----------+-------------------------------------------
     0 | D:1      | Conn the Octopode Fire Elementalist began the quest for the
                  | Orb.
     0 | D:1      | Reached XP level 1. HP: 11/11 MP: 3/3
   281 | D:1      | Reached XP level 2. HP: 16/17 MP: 0/5
   589 | D:1      | Found Oppor's Distillery.
   640 | D:1      | Found a faded altar of an unknown god.
   851 | D:1      | Reached skill level 3 in Stealth
  1297 | D:1      | Reached XP level 3. HP: 21/21 MP: 4/6
  1304 | D:1      | Learned a level 3 spell: Conjure Flame
  2304 | D:2      | Reached XP level 4. HP: 22/27 MP: 3/7
  2756 | D:2      | Noticed Robin
  3031 | D:1      | Learned a level 3 spell: Inner Flame
  3100 | D:2      | Killed Robin
  3406 | D:3      | Noticed an ogre
  3492 | D:3      | Killed an ogre
  3493 | D:3      | Reached XP level 5. HP: 31/31 MP: 1/8
  3719 | D:3      | Reached XP level 6. HP: 36/36 MP: 5/10
  3767 | D:3      | Noticed a necrophage
  3784 | D:3      | Killed a necrophage
  4137 | D:3      | Learned a level 2 spell: Blink
  4562 | D:3      | Identified the +10 dagger of Exchange {drain, rN+ Dex+4}
  4646 | D:3      | Found Vonek's Antique Armour Shoppe.
  4888 | D:4      | Reached skill level 4 in Stealth
  5343 | D:4      | Reached XP level 7. HP: 37/41 MP: 9/11
  5347 | D:4      | Reached skill level 1 in Translocations
  5363 | D:4      | Found a sand-covered staircase.
  5465 | Ossuary  | Entered an ossuary
  5479 | Ossuary  | Reached skill level 1 in Maces & Flails
  5596 | Ossuary  | Reached skill level 1 in Short Blades
  5933 | D:4      | Reached skill level 1 in Fighting
  6238 | D:4      | Reached skill level 5 in Fire Magic
  6658 | D:5      | Entered Level 5 of the Dungeon
  6671 | D:5      | Reached skill level 5 in Stealth
  6726 | D:5      | Reached XP level 8. HP: 48/48 MP: 13/13
  7163 | D:5      | Found an iron altar of Okawaru.
  7245 | D:5      | Learned a level 4 spell: Sticky Flame
  7274 | D:5      | Reached skill level 6 in Stealth
  7496 | D:5      | Found a staircase to the Ecumenical Temple.
  7512 | Temple   | Entered the Ecumenical Temple
  7697 | Temple   | Became a worshipper of Sif Muna the Loreminder
  7951 | D:5      | Found a shadowy altar of Dithmenos.
  7951 | D:5      | Found a blossoming altar of Fedhas.
  7959 | D:5      | Found a white marble altar of Elyvilon.
  7961 | D:5      | Found an ancient bone altar of Kikubaaqudgha.
  7963 | D:5      | Found a faded altar of an unknown god.
  8329 | D:6      | Found a shimmering altar of Xom.
  8329 | D:6      | Found an opulent altar of Gozag.
  8830 | D:6      | Noticed a wraith
  8832 | D:6      | Reached skill level 7 in Stealth
  8832 | D:6      | Reached XP level 9. HP: 53/53 MP: 15/15
  8887 | D:6      | Reached skill level 5 in Conjurations
  9156 | D:6      | Reached skill level 1 in Evocations
  9176 | D:6      | Killed by an exploding wyvern zombie... ignited by their
                  | inner flame

Illustrated notes

Levels and vault maps discovered:
D:1:      ncdulo_smallfort, layout_basic, serial_shops, shop,
          shapermc_ecumenical_altar_mp_vishouse, moated_statue, minivault_5
D:2:      layout_rooms, uniq_robin
D:3:      layout_basic, serial_undead, serial_undead_d, serial_undead_f,
          serial_undead_d, serial_undead_a, serial_shops, nicolae_shop_stone,
          minmay_checkerbox
D:4:      layout_basic, nicolae_ossuary_entry_false_entrances
D:5:      layout_layer_cave, old_standard_altar,
          chequers_temple_overflow_minitemple, minmay_temple_entry_trees,
          minmay_increasing_density
D:6:      layout_basic, gammafunk_temple_overflow_elements, nzn_random_ring
Temple:   nicolae_temple_figure_eight

Skill      XL: |  1  2  3  4  5  6  7  8  9 |
---------------+----------------------------+-----
Stealth        | 3 4 5 7 |  7.4
Fire Magic     | 4 5 6 |  6.0
Dodging        | 3 |  3.4
Conjurations   | 2 3 4 5 |  5.1
Spellcasting   | 3 4 |  4.7
Translocations | 2 3 |  3.7
Maces & Flails | 1 |  1.0
Short Blades   | 2 3 |  3.5
Fighting       | 1 |  1.7
Evocations     | 1 |  1.0

Action                   |  1- 3 |  4- 6 |  7- 9 || total
-------------------------+-------+-------+-------++-------
Melee: Unarmed           |     8 |       |       ||     8
       Dagger            |     7 |    12 |    69 ||    88
       Constrict         |     5 |    12 |    13 ||    30
       Tentacles         |     2 |     5 |    16 ||    23
       Short sword       |     6 |     7 |       ||    13
       Club              |       |    17 |       ||    17
 Cast: Foxfire           |    54 |    69 |   106 ||   229
       Conjure Flame     |       |     2 |     4 ||     6
       Sticky Flame      |       |       |     2 ||     2
       Inner Flame       |       |       |     2 ||     2
       Blink             |       |       |     1 ||     1
Evoke: Wand              |       |       |     2 ||     2
  Use: Scroll            |       |     3 |     2 ||     5
       Potion            |       |     2 |     1 ||     3
 Stab: Sleeping          |     5 |     3 |    12 ||    20
       Distracted        |       |       |     1 ||     1
Armor: Skin              |     2 |     2 |     3 ||     7
Dodge: Dodged            |    10 |    55 |    50 ||   115

Table legend: (Time is in decaauts)
 A = Elapsed time spent in this place.
 B = Non-inter-level travel time spent in this place.
 C = Inter-level travel time spent in this place.
 D = Time resting spent in this place.
 E = Time spent auto-exploring this place.
 F = Levels seen in this place.
 G = Mean time per level.
                   A        B        C        D        E       F      G
               +--------+--------+--------+--------+--------+-----+--------+
         Total |   9175 |   8998 |    177 |   1460 |   5487 |   8 | 1146.9 |
       Dungeon |   8688 |   8537 |    151 |   1326 |   5285 |   6 | 1448.0 |
        Temple |    211 |    185 |     26 |      0 |    180 |   1 |  211.0 |
       Ossuary |    275 |    275 |      0 |    134 |     22 |   1 |  275.0 |
               +--------+--------+--------+--------+--------+-----+--------+

Top non-repeatable levels by time:
     D:1: 2290 daAuts
     D:3: 1913 daAuts
     D:4: 1267 daAuts
     D:5: 1244 daAuts
     D:6: 1056 daAuts
     D:2: 917 daAuts
 Ossuary: 275 daAuts
  Temple: 211 daAuts
